 Dungeon Crawl Stone Soup version 0.22-a0-612-gd2f0174 (webtiles) character file.

46 digijack the Bolt Thrower (level 3, -1/22 HPs)
             Began as a Kobold Hunter on July 11, 2018.
             Slain by Sigmund
             ... wielding a cursed -2 scythe
              (3 damage)
             ... on level 2 of the Dungeon.
             The game lasted 00:08:43 (1104 turns).

digijack the Bolt Thrower (Kobold Hunter)           Turns: 1104, Time: 00:08:44

Health: -1/22      AC:  3    Str:  9    XL:     3   Next: 95%
Magic:  3/3        EV: 16    Int: 12    God:
Gold:   92         SH:  0    Dex: 18    Spells: 2/2 levels left

rFire    . . .     SeeInvis .   b - +0 short sword
rCold    . . .     Gourm    .   (shield restricted)
rNeg     . . .     Faith    .   c - +0 leather armour
rPois    .         Spirit   .   (no helmet)
rElec    .         Reflect  .   (no cloak)
rCorr    .         Harm     .   (no gloves)
MR       .....                  (no boots)
Stlth    ++........             (no amulet)
HPRegen  0.07/turn              (no ring)
MPRegen  0.08/turn              (no ring)

@: hasted, very quick
A: small, agile 1, carnivore, evolution 1, MP-powered wands, sturdy frame 1
a: no special abilities


You were on level 2 of the Dungeon.
You were completely stuffed.

You visited 1 branch of the dungeon, and saw 2 of its levels.

You collected 92 gold pieces.

Inventory:

Hand Weapons
 a - a +2 hand crossbow
 b - a +0 short sword (weapon)
Missiles
 d - 11 bolts
Armour
 c - a +0 leather armour (worn)
Jewellery
 i - an uncursed ring of fire
Scrolls
 h - a scroll of identify
Potions
 e - a potion of might
 g - 2 potions of curing
Comestibles
 f - 3 rations
 k - 5 chunks of flesh


   Skills:
 * Level 2.6 Fighting
 + Level 1.3 Short Blades
 * Level 5.2 Crossbows
 * Level 3.0 Dodging
 * Level 2.6 Stealth


You had 2 spell levels left.
You didn't know any spells.
Your spell library was empty.

Dungeon Overview and Level Annotations

Branches:
Dungeon (2/15)

Altars:

Annotations:
D:2 Sigmund


Innate Abilities, Weirdness & Mutations

You are small and have problems with some larger weapons.
You are carnivorous and can eat meat at any time.
You are agile. (Dex +2)
You evolve.
You expend magic power (3 MP) to strengthen your wands.
Your movements are slightly less encumbered by armour. (ER -2)


Message History

Press: ? - help, Shift-Dir - straight line You shoot a bolt.
Something hits you!
It was a potion of haste.
You feel yourself speed up.
b - a +0 short sword (weapon)
Something hits you but does no damage.
You miss something.
Your leather armour prevents you from hitting something.
You hear some strange, mumbled words.
Something tries to affect you, but you resist.
You hit something but do no damage. Something hits you.
You hit something. You closely miss something. Something hits you.
* * * LOW HITPOINT WARNING * * *
You hit something. You miss something. Something closely misses you.
You closely miss something. You miss something. Something barely misses you.
You hit something. You miss something. Something hits you.
You die...

# #.#..##.## #
#.#..#.#.## #
#.#...###.####
#
#.#..##......#
#.......###..#
####.##. #.#.#
#..# #.##.#
#.# ..# #.#
..##.#
#@####### ##
#. #>{.....# #
#######.# (#
.# .# .# ?# .#


There were no monsters in sight!

Vanquished Creatures
  An adder (D:2)
  A dart slug (D:1)
  2 leopard geckos
  3 giant cockroaches
  5 goblins (D:1)
  6 hobgoblins
  3 jackals (D:1)
  5 bats (D:1)
  3 frilled lizards
29 creatures vanquished.

Notes
Turn   | Place    | Note
-------+----------+-------------------------------------------
     0 | D:1      | digijack the Kobold Hunter began the quest for the Orb.
     0 | D:1      | Reached XP level 1. HP: 12/12 MP: 1/1
   203 | D:1      | Reached XP level 2. HP: 18/18 MP: 2/2
   285 | D:1      | Gained mutation: You are agile. (Dex +2) [potion of mutation]
   285 | D:1      | Gained mutation: You expend magic power (3 MP) to strengthen your wands. [potion of mutation]
   285 | D:1      | Gained mutation: Your movements are slightly less encumbered by armour. (ER -2) [potion of mutation]
   285 | D:1      | Gained mutation: You evolve. [potion of mutation]
   377 | D:1      | Reached skill level 5 in Crossbows
   493 | D:1      | Reached skill level 1 in Short Blades
   493 | D:1      | Reached XP level 3. HP: 22/22 MP: 3/3
  1076 | D:2      | Noticed Sigmund
  1104 | D:2      | Slain by Sigmund

Vault maps used:
D:1:      saegor_arrival_miasma, serial_curves, eino_curves_03, eino_curves_04
D:2:      gammafunk_temple_overflow_wave, uniq_sigmund

Skill      XL: |  1  2  3 |
---------------+----------+-----
Stealth        | 2 |  2.6
Crossbows      | 5 |  5.2
Short Blades   | 1 |  1.3
Dodging        | 3 |  3.0
Fighting       | |  2.6

Action                   || total
-------------------------++-------
Melee: Short sword       ||    11
 Fire: Hand crossbow     ||    64
  Use: Scroll            ||     7
       Potion            ||     5
  Eat: Chunk             ||     9
Armor: Leather armour    ||     3
Dodge: Dodged            ||    22

Table legend:
 A = Spawn XP
 B = Non-spawn XP
 C = Spawn XP percentage of total XP
 D = Spawn monster count
 E = Non-spawn monster count
 F = Spawn count percentage of total count
 G = Total turns spent on level
                    A         B        C        D         E        F      G
               +---------+---------+-------+---------+---------+-------+---------
         Total |       0 |      67 |   0.0 |       0 |      29 |   0.0 |  1104
               +---------+---------+-------+---------+---------+-------+---------
           D:1 |       0 |      42 |   0.0 |       0 |      22 |   0.0 |   952
           D:2 |       0 |      25 |   0.0 |       0 |       7 |   0.0 |   152
               +---------+---------+-------+---------+---------+-------+---------
